 Dungeon Crawl Stone Soup version 0.20.1-1-g8b1a95d (webtiles) character file.

58 Irenicus the Caller (level 3, -1/28 HPs)
             Began as a Deep Dwarf Summoner on Nov 5, 2017.
             Slain by a sky beast (5 damage)
             ... on level 3 of the Dungeon.
             The game lasted 00:06:13 (641 turns).

Irenicus the Caller (Deep Dwarf Summoner)            Turns: 641, Time: 00:06:13

Health: -1/28      AC:  3    Str: 11    XL:     3   Next: 76%
Magic:  6/6        EV: 12    Int: 15    God:
Gold:   47         SH:  0    Dex: 14    Spells: 2/6 levels left

rFire    . . .     SeeInvis .   d - +0 short sword
rCold    . . .     Gourm    .   (no shield)
rNeg     . . .     Faith    .   a - +0 robe
rPois    .         Spirit   .   e - +0 helmet
rElec    .         Reflect  .   (no cloak)
rCorr    .         Harm     .   (no gloves)
MR       .....                  (no boots)
Stlth    ++........             (no amulet)
Regen    0.0/turn               (no ring)
MPRegen  0.1/turn               (no ring)

@: non-regenerating
A: damage resistance, heal wounds, sense surroundings 1, no regeneration
a: Heal Wounds


You were on level 3 of the Dungeon.
You were not hungry.

You visited 1 branch of the dungeon, and saw 3 of its levels.

You collected 47 gold pieces.

Inventory:

Hand Weapons
 d - a +0 short sword (weapon)
Armour
 a - a +0 robe (worn)
 e - a +0 helmet (worn)
 g - a cursed -2 pair of boots
Scrolls
 h - a scroll of enchant weapon {unknown}
Books
 b - a book of Callings

   Spells                             Type                      Level
   a - Summon Small Mammal            Summoning                    1
   b - Call Imp                       Summoning                    2
   c - Call Canine Familiar           Summoning                    3
   d - Summon Guardian Golem          Hexes/Summoning              3
   e - Summon Lightning Spire         Summoning/Air                4
   f - Summon Ice Beast               Ice/Summoning                4
Comestibles
 c - 2 bread rations
 f - 2 fruits


   Skills:
 - Level 2.1 Dodging
 - Level 2.4 Stealth
 - Level 2.1 Spellcasting
 + Level 4.7 Summonings


You had 2 spell levels left.
You knew the following spells:

 Your Spells              Type           Power        Failure   Level  Hunger
a - Summon Small Mammal   Summ           ###.         3%          1    #......
b - Call Canine Familiar  Summ           ###.....     9%          3    ###....


Dungeon Overview and Level Annotations

Branches:
Dungeon (3/15)

Altars:
Cheibriados
Qazlal

Annotations:
D:3 Fauxtato86's ghost, weakling DsBe


Innate Abilities, Weirdness & Mutations

You are resistant to damage.
You can heal yourself by infusing magical energy.
You passively map a small area around you.
You do not regenerate.


Message History

Found a pair of boots.
A rat comes into view.
Found 31 stones.
There is an open door here.
A sky beast comes into view.
The sky beast flickers out of sight!
Deactivating autopickup; reactivate with Ctrl-A.
You see here a pair of boots.
g - a pair of boots
Found a glowing green potion.
You hit the rat.
You kill the rat!
Something hits you.
* * * LOW HITPOINT WARNING * * *
Something shocks you.
* * * LOW HITPOINT WARNING * * *
Something hits you.
* * * LOW HITPOINT WARNING * * *
Something shocks you.
You die...

#......#.# #....
########.# #....
######'###### #....
#...........# #....
#...........# #...#
#.(.........# #...
#...........# ####
#...........#
#..........@######
#.................#
#.................#
##...............#
#..........!....# *
#................#
.................#
..W.............#
...............


You could see Fauxtato86's ghost.

Vanquished Creatures
  An adder (D:2)
  A leopard gecko (D:3)
  11 goblins
  2 hobgoblins (D:2)
  2 frilled lizards
  4 kobolds
  A rat (D:3)
22 creatures vanquished.

Vanquished Creatures (collateral kills)
  Robin (D:2)
  2 adders (D:3)
  An orc (D:3)
  A goblin (D:2)
  4 hobgoblins
  4 jackals (D:3)
  A bat (D:3)
  A kobold (D:3)
  A rat (D:2)
16 creatures vanquished.

Grand Total: 38 creatures vanquished

Notes
Turn   | Place    | Note
-------+----------+-------------------------------------------
     0 | D:1      | Irenicus the Deep Dwarf Summoner began the quest for the Orb.
     0 | D:1      | Reached XP level 1. HP: 15/15 MP: 3/3
     9 | D:2      | Found a snail-covered altar of Cheibriados.
    11 | D:2      | Noticed Robin
    68 | D:2      | Reached XP level 2. HP: 19/22 MP: 1/5
    78 | D:2      | Found a stormy altar of Qazlal.
   142 | D:2      | Reached skill level 4 in Summonings
   268 | D:2      | Killed Robin
   268 | D:2      | Reached XP level 3. HP: 3/28 MP: 1/6
   331 | D:3      | Noticed Fauxtato86's ghost (weakling DsBe)
   370 | D:3      | Learned a level 3 spell: Call Canine Familiar
   451 | D:3      | HP: 1/28 [adder (3)]
   633 | D:3      | Noticed a sky beast
   641 | D:3      | Slain by a sky beast

Skill      XL: |  1  2 |
---------------+-------+-----
Spellcasting   | 2 |  2.1
Summonings     | 4 |  4.7
Dodging        | |  2.1
Stealth        | |  2.4

Action                   || total
-------------------------++-------
Melee: Short sword       ||    80
       Unarmed           ||     1
 Cast: Summon Small Mamm ||    30
       Call Canine Famil ||     4
 Abil: Heal Wounds       ||     2
  Use: Potion            ||     2
       Scroll            ||     1
 Stab: Distracted        ||     1
       Sleeping          ||     1
Armor: Robe              ||    14
Dodge: Dodged            ||    84
